 Dungeon Crawl Stone Soup version 0.25.1-2-g60ff931df9 (webtiles) character file.

Game seed: 14570959631617216915

77 pokeman the Magician (level 4, -5/25 HPs)
             Began as a Deep Elf Wizard on Nov 7, 2020.
             Splashed by a jelly's acid (8 damage)
             ... on level 2 of the Dungeon.
             The game lasted 00:03:06 (2317 turns).

pokeman the Magician (Deep Elf Wizard)              Turns: 2317, Time: 00:03:07

Health: -5/25      AC:  3    Str:  4    XL:     4   Next: 14%
Magic:  10/13      EV: 11    Int: 24    God:
Gold:   94         SH:  0    Dex: 13    Spells: 3/14 levels left

rFire    . . .     SeeInvis .   e - -1 mace (curse)
rCold    . . .     Gourm    .   (no shield)
rNeg     . . .     Faith    .   n - +0 leather armour
rPois    .         Spirit   .   b - +0 hat
rElec    .         Reflect  .   (no cloak)
rCorr    .         Harm     .   (no gloves)
MR       .....                  (no boots)
Stlth    +.........             (no amulet)
HPRegen  0.08/turn              f - ring of attention (curse)
MPRegen  0.13/turn              (no ring)

@: no status effects
A: no striking features
a: no special abilities


You were on level 2 of the Dungeon.
You were very hungry.

You visited 1 branch of the dungeon, and saw 2 of its levels.

You collected 94 gold pieces.

Inventory:

Hand Weapons
 e - a cursed -1 mace (weapon)
Armour
 b - a +0 hat (worn)
 n - a +0 leather armour (worn)
Jewellery
 f - a cursed ring of attention (left hand)
Scrolls
 a - a scroll of enchant weapon {unknown}
 c - 3 scrolls of teleportation {unknown}
 g - 3 scrolls of identify {unknown}
 h - a scroll of blinking {unknown}
 i - a scroll of fog {unknown}
Potions
 k - a potion of degeneration {unknown}
 l - a potion of flight {unknown}
 m - a potion of cancellation {unknown}
 o - a potion of brilliance {unknown}
Comestibles
 d - 2 rations


   Skills:
 - Level 1.0 Fighting
 - Level 1.0 Armour
 + Level 2.5 Dodging
 - Level 2.4 Stealth
 * Level 5.6 Spellcasting
 * Level 2.2 Conjurations
 - Level 1.1 Summonings
 - Level 1.1 Translocations
 + Level 0.2 Fire Magic


You had 3 spell levels left.
You knew the following spells:

 Your Spells              Type           Power        Failure   Level  Hunger
a - Magic Dart            Conj           ###.         6%          1    None
b - Mephitic Cloud        Conj/Pois/Air  ##......     32%         3    #......
c - Call Imp              Summ           ##......     14%         2    None
d - Blink                 Tloc           N/A          14%         2    None
e - Conjure Flame         Conj/Fire      ##......     26%         3    #......

Your spell library contained the following spells:

 Spells                   Type           Power        Failure   Level  Hunger
 Slow                     Hex            #.......     22%         2    None


Dungeon Overview and Level Annotations

Branches:
Dungeon (2/15)

Altars:


Message History

Casting: Magic Dart (safe; 6% risk of failure)
Confirm with . or Enter, or press ? or * to list all spells.
Aiming: Magic Dart (safe; 6% risk of failure)
Press: ? - help, Shift-Dir - straight line, f/p - jelly
Aim: a jelly (lightly wounded)
The magic dart hits the jelly.
The jelly is heavily wounded.
The jelly hits you.
You are splashed with acid!
* * * LOW HITPOINT WARNING * * *
Casting: Magic Dart (safe; 6% risk of failure)
Confirm with . or Enter, or press ? or * to list all spells.
Aiming: Magic Dart (safe; 6% risk of failure)
Press: ? - help, Shift-Dir - straight line, f/p - jelly
Aim: a jelly (heavily wounded)
The magic dart hits the jelly.
The jelly is heavily wounded.
The jelly hits you.
* * * LOW HITPOINT WARNING * * *
You are splashed with acid!
You die...

###### #. ##....# # #.
##.....# ## #.##.
##......# #.. ##.#..
##.......## #..
.....##....#....####..
#...#.......##..#....
#..J#....##.##....#..
#..@..(........###..
..........###..###.# #..
..#######.###..###.####.
#.>........#......
#.................
..........#......#
#........#####....
##...............
#....<).........


You could see a jelly.

Vanquished Creatures
  3 adders (D:2)
  A worm (D:2)
  2 dart slugs (D:1)
  2 leopard geckos (D:1)
  An orc (D:2)
  A ball python (D:1)
  3 giant cockroaches (D:1)
  6 goblins
  4 jackals
  3 kobolds
  6 bats
  A frilled lizard (D:1)
  10 rats
43 creatures vanquished.

Notes
Turn   | Place    | Note
-------+----------+-------------------------------------------
     0 | D:1      | pokeman the Deep Elf Wizard began the quest for the Orb.
     0 | D:1      | Reached XP level 1. HP: 10/10 MP: 7/7
   298 | D:1      | Reached XP level 2. HP: 12/16 MP: 4/9
   804 | D:1      | Reached skill level 5 in Spellcasting
  1092 | D:1      | Reached XP level 3. HP: 20/20 MP: 6/11
  1097 | D:1      | Learned a level 3 spell: Mephitic Cloud
  1100 | D:1      | Learned a level 2 spell: Call Imp
  1103 | D:1      | Learned a level 2 spell: Blink
  1107 | D:1      | Learned a level 3 spell: Conjure Flame
  1594 | D:2      | Reached skill level 1 in Armour
  1735 | D:2      | Reached skill level 1 in Fighting
  2116 | D:2      | Reached XP level 4. HP: 25/25 MP: 8/13
  2317 | D:2      | Splashed by a jelly's acid

Illustrated notes

Levels and vault maps discovered:
D:1:      dpeg_arrival_triangle_fractal, layout_basic, serial_forest,
          infiniplex_forest_clump_diagonal, infiniplex_forest_clump_small,
          infiniplex_forest_straight_2, infiniplex_forest_lined_2,
          infiniplex_forest_lined_3_way, infiniplex_forest_straight_2
D:2:      layout_rooms, first_ration, nrook_mini_backslash,
          grunt_decor_one_mirror, uniq_crazy_yiuf_cottage

Skill      XL: |  1  2  3 |
---------------+----------+-----
Spellcasting   | 5 |  5.6
Armour         | 1 |  1.0
Fighting       | 1 |  1.0
Conjurations   | 2 |  2.2
Dodging        | |  2.5
Stealth        | |  2.4
Summonings     | |  1.1
Translocations | |  1.1
Fire Magic     | |  0.2

Action                   |  1- 3 |  4- 6 || total
-------------------------+-------+-------++-------
Melee: Mace              |     5 |       ||     5
 Cast: Magic Dart        |   103 |    20 ||   123
  Eat: Chunk             |     3 |       ||     3
Armor: Robe              |     3 |       ||     3
       Leather armour    |    14 |     2 ||    16
Dodge: Dodged            |    30 |       ||    30
